cohdb
Replays
Latest Replays
All Replays
Popular Replays
Top Player Replays
Match Explorer
How It Works
Community
CoH3 Stats
Reddit
Sign in to upload your games and track your stats! →
Sign in with Steam
Match 32856699
Unlisted
Match 32856699
Overview
Messages
Build Orders
End
Construct Barracks
Selects Airborne Battlegroup
Selects Heavy Machine Gun Paradrop
Heavy Machine Gun Paradrop
Riflemen Squad
Riflemen Squad
Riflemen Squad
Selects Paratrooper Squad Paradrop
Paratrooper Squad Paradrop
Construct Medical Station
Grenade Package
Selects Anti-tank Gun Team Paradrop
Infantry Support Center
Paratrooper Squad Paradrop
Advanced Logistics
Selects Recon Loiter
M1918 Browning Automatic Rifles
Selects Supply Drop
Construct Weapon Support Center
M3 Armored Personnel Carrier
M1 Mortar Team
Riflemen Squad
Riflemen Squad
Riflemen Squad
Heavy Machine Gun Paradrop
Microsoft Office Excel
Microsoft Office Word
★Reptail★
JODLASTY
0
0
Comments
sign in to comment!
No comments posted yet!